 Dungeon Sprint DCSS version 0.29.1-2-gbd0b4ee654 (webtiles) character file.

Game seed: 10629758434376543440

2905 Zeld the Severer (level 9, -1/91 HPs)
             Began as a Minotaur Berserker on Oct 31, 2022.
             Was a Priest of Trog.
             Slain by an unseen horror (9 damage)
             ... in the Dungeon (Sprint III: "The Ten Rune Challenge").
             The game lasted 00:01:53 (1903 turns).

Zeld the Severer (Minotaur Berserker)               Turns: 1903, Time: 00:01:54

Health: -1/91      AC:  7    Str: 26    XL:     9   Next: 49%
Magic:  8/8        EV: 15    Int:  4    God:    Trog [***...]
Gold:   52         SH:  0    Dex: 10    Spells: 8/8 levels left

rFire   . . .      SeeInvis .   a - +0 hand axe
rCold   . . .      Faith    .   (no shield)
rNeg    . . .      Spirit   .   b - +1 troll leather armour {Snorg}
rPois   .          Reflect  .   (helmet restricted)
rElec   .          Harm     .   (no cloak)
rCorr   .          Rampage  .   (no gloves)
Will    ++...      NoTele   +   (no boots)
Stlth   +.........              (no amulet)
HPRegen 2.05/turn               (no ring)
MPRegen 0.11/turn               (no ring)

@: strong-willed, on berserk cooldown, regenerating, slowed, very slow
A: horns 2, retaliatory headbutt
a: Renounce Religion, Berserk, Trog's Hand


You were in the Dungeon.
You worshipped Trog.
Trog was most pleased with you.
You visited 1 branch You collected 52 gold pieces.

Inventory:

Hand Weapons
 a - a +0 hand axe (weapon)
Armour
 b - a +1 troll leather armour (worn) {Snorg}
Scrolls
 h - a scroll of blinking
 i - a scroll of immolation {unknown}
 k - 3 scrolls of poison {unknown}
 m - 2 scrolls of identify
Potions
 c - 3 potions of curing
 d - 2 potions of heal wounds
 e - a potion of haste
 f - 2 potions of magic
 g - a potion of berserk rage
 j - 3 potions of mutation {unknown}
 l - a potion of brilliance {unknown}
Miscellaneous
 n - a condenser vane


   Skills:
 + Level 12.4 Fighting
 * Level 16.7 Axes
 + Level 12.1 Armour
 + Level 11.1 Dodging


You had 8 spell levels left.
You didn't know any spells.
Your spell library was empty.

Dungeon Overview and Level Annotations

Branches:
Dungeon (1/1)

Altars:
Cheibriados
Dithmenos
Elyvilon
Fedhas
Gozag
Hepliaklqana
Kikubaaqudgha
Makhleb
Nemelex Xobeh
Okawaru
Qazlal
Ru
Sif Muna
Trog
Uskayaw
Vehumet
Wu Jian
Xom
Yredelemnul
Zin
The Shining One
Jiyva
Lugonu


Innate Abilities, Weirdness & Mutations

You have a pair of horns on your head.
You reflexively headbutt those who attack you in melee.


Message History

You swing at nothing.
Something hits your ogre.
Your ogre rages.
You swing at nothing.
You swing at nothing.
Something barely misses your ogre.
You swing at nothing.
Something hits your ogre!
Something hits your ogre but does no damage.
You swing at nothing.
Something hits your ogre.
Your ogre dies!
Your ogre's corpse disappears in a puff of smoke!
You closely miss something. Something completely misses you.
Something hits you!
You slash something! Your headbutt misses something. Something hits you.
Something hits you! Something hits you. Something hits you. Something hits you.
* * * LOW HITPOINT WARNING * * *
Something hits you.
* * * LOW HITPOINT WARNING * * *
Something closely misses you. Something hits you but does no damage.
Something hits you but does no damage. Something hits you.
* * * LOW HITPOINT WARNING * * *
Something hits you.
* * * LOW HITPOINT WARNING * * *
There is an open door, spattered with blood here.
Your skin crawls.
You feel strong-willed. Something hits you but does no damage.
Something hits you!
* * * LOW HITPOINT WARNING * * *
Something hits you.
* * * LOW HITPOINT WARNING * * *
Something completely misses you.
You closely miss something. You headbutt something.
Something hits you but does no damage. Something barely misses you.
You closely miss something. Something barely misses you. Something hits you!
* * * LOW HITPOINT WARNING * * *
You closely miss something. Something hits you.
* * * LOW HITPOINT WARNING * * *
Something hits you!
You die...

### __# )_# ÷## ..# ..#
#'#
..#+#####################
..#.§§~~'.#.'...@{#.#.#.+
..#.#§~§#.#.#)).##.#.#.##
..'.#§§§#.#.#)).#.#.#.#.#
..#.#.§§#...#...##.#.#.##
▓▓▓▓▓▓▓▓▓▓▓▓▓▓▓▓#.#.#.#.#
##.#.#.## +.#.#.#.#
##.#.#.## #+####


There were no monsters in sight!

Vanquished Creatures
  Snorg (D)
  A centaur warrior (D)
  A deep elf pyromancer (D)
  An unseen horror (D)
  A shadow (D)
  A spatial vortex (D)
  2 centaurs (D)
  An earth elemental (D)
  A necrophage (D)
  A water elemental (D)
  A jelly (D)
  A wizard (D)
  A necromancer (D)
  3 humans (D)
  A kobold demonologist (D)
  A wolf (D)
  4 rats (D)
23 creatures vanquished.

Notes
Turn   | Place    | Note
-------+----------+-------------------------------------------
     0 | D        | Zeld the Minotaur Berserker began the quest for the Orb.
     0 | D        | Reached XP level 1. HP: 19/19 MP: 0/0
     7 | D        | Reached skill level 4 in Axes
    13 | D        | Reached ** piety under Trog
    43 | D        | Reached skill level 5 in Axes
    43 | D        | Reached XP level 2. HP: 22/28 MP: 1/1
   192 | D        | Noticed a water elemental
   196 | D        | Killed a water elemental
   197 | D        | Reached skill level 5 in Fighting
   197 | D        | Reached skill level 7 in Axes
   197 | D        | Reached XP level 3. HP: 36/36 MP: 2/2
   197 | D        | Reached XP level 4. HP: 42/42 MP: 3/3
   305 | D        | Reached skill level 5 in Armour
   496 | D        | Found a radiant altar of Vehumet.
   496 | D        | Found a shimmering blue altar of Sif Muna.
   496 | D        | Found an ancient bone altar of Kikubaaqudgha.
   496 | D        | Noticed a wizard
   500 | D        | Killed a wizard
   500 | D        | Reached *** piety under Trog
   501 | D        | Reached skill level 8 in Axes
   501 | D        | Reached skill level 5 in Dodging
   507 | D        | Noticed a chaos spawn
   576 | D        | Found a glowing silver altar of Zin.
   576 | D        | Found a glowing golden altar of the Shining One.
   576 | D        | Found a white marble altar of Elyvilon.
   578 | D        | Noticed a deep elf pyromancer
   585 | D        | Killed a deep elf pyromancer
   585 | D        | Reached **** piety under Trog
   586 | D        | Reached skill level 11 in Axes
   586 | D        | Reached XP level 5. HP: 56/56 MP: 4/4
   586 | D        | Reached XP level 6. HP: 62/62 MP: 5/5
   586 | D        | Reached XP level 7. HP: 69/69 MP: 6/6
   680 | D        | Found a hide-covered altar of Uskayaw.
   680 | D        | Found an iron altar of Okawaru.
   680 | D        | Found a bloodstained altar of Trog.
   680 | D        | Found an ornate altar of the Wu Jian Council.
   680 | D        | Noticed a human
   681 | D        | Noticed a human
   686 | D        | Killed a human
   687 | D        | Reached skill level 12 in Axes
   692 | D        | Killed a human
   693 | D        | Reached skill level 13 in Axes
   784 | D        | Found a basalt altar of Yredelemnul.
   784 | D        | Found a shadowy altar of Dithmenos.
   784 | D        | Found a sacrificial altar of Ru.
   858 | D        | Noticed a shadow
   863 | D        | Killed a shadow
   864 | D        | Reached skill level 10 in Fighting
   864 | D        | Reached XP level 8. HP: 79/79 MP: 7/7
   868 | D        | Reached ***** piety under Trog
   899 | D        | Found a blossoming altar of Fedhas.
   899 | D        | Found a stormy altar of Qazlal.
   899 | D        | Found a snail-covered altar of Cheibriados.
   899 | D        | Found a burning altar of Makhleb.
   899 | D        | Found a shimmering altar of Xom.
   901 | D        | Found a hazy altar of Hepliaklqana.
   901 | D        | Found an opulent altar of Gozag.
   901 | D        | Found a sparkling altar of Nemelex Xobeh.
   901 | D        | Found a corrupted altar of Lugonu.
   901 | D        | Found a viscous altar of Jiyva.
   915 | D        | Reached skill level 14 in Axes
   915 | D        | Reached skill level 10 in Armour
  1040 | D        | Noticed Snorg
  1051 | D        | HP: 5/120 [Snorg (29)]
  1053 | D        | Killed Snorg
  1054 | D        | Reached skill level 15 in Axes
  1054 | D        | Reached skill level 10 in Dodging
  1556 | D        | Noticed a centaur warrior
  1565 | D        | Reached XP level 9. HP: 89/89 MP: 8/8
  1565 | D        | Received a gift from Trog
  1566 | D        | Killed a centaur warrior
  1567 | D        | Reached skill level 16 in Axes
  1631 | D        | Killed an unseen horror
  1903 | D        | Slain by an unseen horror

Illustrated notes

Levels and vault maps discovered:
D:        dungeon_sprint_mu [sprint_mu_entry_forest, sprint_mu_temple_rooms,
          sprint_mu_d1_horrors, sprint_mu_d2_genie, sprint_mu_d3_branching,
          sprint_mu_orc_legion, sprint_mu_elf_gauntlet, sprint_mu_hive_nellie,
          sprint_mu_lair_fedhas, sprint_mu_vaults_butterflies,
          sprint_mu_slime_circle, sprint_mu_swamp_cave, sprint_mu_snake_twists,
          sprint_mu_blade_basic, sprint_mu_crypt_chambers,
          sprint_mu_tomb_spiral, sprint_mu_vestibule_basic,
          sprint_mu_gehenna_hellfire, sprint_mu_dis_giant,
          sprint_mu_tartarus_statrot, sprint_mu_cocytus_islands, sprint_mu_zot1]

Skill      XL: |  1  2  3  4  5  6  7  8  9 |
---------------+----------------------------+-----
Axes           | 5 7 11 13 15 16 | 16.7
Fighting       | 4 5 8 10 11 12 | 12.4
Armour         | 3 4 8 9 11 12 | 12.1
Dodging        | 3 4 7 9 10 11 | 11.1

Action                   |  1- 3 |  4- 6 |  7- 9 || total
-------------------------+-------+-------+-------++-------
Melee: Hand axe          |    15 |    20 |    84 ||   119
       Headbutt          |     2 |     2 |    17 ||    21
       Punch             |       |       |     2 ||     2
Invok: Berserk           |     2 |     3 |     9 ||    14
       Brothers in Arms  |       |       |     2 ||     2
       Trog's Hand       |       |       |     1 ||     1
Armor: Animal skin       |     3 |     1 |     2 ||     6
       Troll leather arm |       |       |    33 ||    33
Dodge: Dodged            |     7 |     6 |    50 ||    63
